 Dungeon Crawl Stone Soup version 0.31-a0-188-g5e087ee2ca (webtiles) character file.

Game seed: 5480510523482737828

112 qw the Skirmisher (level 4, -1/25 HPs)
             Began as a Deep Elf Hunter on June 23, 2023.
             Slain by an orc wizard
             ... wielding a +0 dagger
              (4 damage)
             ... on level 3 of the Dungeon.
             The game lasted 00:00:33 (1448 turns).

qw the Skirmisher (Deep Elf Hunter)                 Turns: 1448, Time: 00:00:34

Health: -1/25      AC:  3    Str: 10    XL:     4   Next: 64%
Magic:  6/6        EV: 12    Int: 14    God:
Gold:   98         SH:  0    Dex: 18    Spells: 3/3 levels left

rFire   . . .        Y - +0 shortbow (heavy)
rCold   . . .        (shield currently unavailable)
rNeg    . . .        c - +0 leather armour
rPois   .            (no helmet)
rElec   .            (no cloak)
rCorr   .            (no gloves)
SInv    .            (no boots)
Will    .....        (no amulet)
Stlth   ++           a - +4 ring of slaying {mikee}
HPRegen 0.24/turn    (no ring)
MPRegen 0.10/turn

%: no passive effects
@: no status effects
A: no striking features
a: no special abilities


You were on level 3 of the Dungeon.
You visited 1 branch of the dungeon, and saw 3 of its levels.

You collected 98 gold pieces.


   Skills:
 - Level 1.5 Fighting
 + Level 8.1 Ranged Weapons
 - Level 2.4 Dodging
 - Level 1.2 Stealth


You had 3 spell levels left.
You didn't know any spells.
Your spell library was empty.

Inventory:

Hand Weapons
 Y - a +0 heavy shortbow (weapon)
Armour
 c - a +0 leather armour (worn)
Jewellery
 a - a +4 ring of slaying (left hand) {mikee}
Scrolls
 b - a scroll of amnesia {unknown}
 e - 2 scrolls of identify
Potions
 d - a potion of cancellation {unknown}
 g - a potion of heal wounds {unknown}
 h - a potion of brilliance {unknown}

Dungeon Overview and Level Annotations

Branches:
Dungeon (3/15)

Altars:
Nemelex Xobeh


Message History

You have reached level 4!
You feel clever.
You shoot an arrow. The arrow hits the orc wizard!
The orc wizard is heavily wounded.
The orc wizard points at you and mumbles some strange words.
You resist with some effort.
The orc wizard hits you but does no damage.
You shoot an arrow. The arrow barely misses the orc wizard.
The orc wizard gestures at you while chanting.
The magic dart hits you!
You shoot an arrow.
The arrow closely misses the orc wizard.
The orc wizard misses you. x2
You shoot an arrow. The arrow hits the orc wizard!
You kill the orc wizard!
The orc wizard hits you but does no damage.
The orc wizard hits you with a +0 dagger.
Your Ranged Weapons skill increases to level 8!
You shoot an arrow. The arrow barely misses the orc wizard.
The orc wizard closely misses you.
You shoot an arrow. The arrow hits the orc wizard.
The orc wizard is lightly wounded.
The orc wizard barely misses you.
The orc wizard points at you and mumbles some strange words.
You are confused.
The orc wizard gestures at you while chanting.
The puff of flame misses you.
The orc wizard hits you with a +0 dagger.
The orc wizard barely misses you.
The orc wizard hits you but does no damage.
You feel less confused.
The orc wizard hits you with a +0 dagger.
You shoot an arrow. The arrow hits the orc wizard!
The orc wizard is severely wounded.
The orc wizard barely misses you.
You shoot an arrow.
The arrow completely misses the orc wizard.
The orc wizard points at you and mumbles some strange words.
The magic dart hits you.
The orc wizard hits you with a +0 dagger.
You die...

#.#.......####.###.#
#.#####'#.####.#.#.#
#.# #.#......#.#.#
#.#
#.########.#?#####
#.#
#..........#.#....
#.#
#..###....##'#.%..
#.# #..#
+............
#.#####..#
#............
#......@)#
#............
########o#
###.......... #.#
#.......... #.#
#.......... #.#
#.......... .#
#.......... .#
########### .#


You could see an orc wizard.

Vanquished Creatures
  2 orc wizards (D:3)
  2 adders
  2 dart slugs (D:1)
  An orc (D:3)
  2 ball pythons
  3 endoplasms
  6 hobgoblins
  7 kobolds
  2 quokkas (D:2)
  3 bats (D:1)
  A frilled lizard (D:1)
  4 goblins
  4 rats
39 creatures vanquished.

Notes
Turn   | Place    | Note
-------+----------+-------------------------------------------
     0 | D:1      | qw the Deep Elf Hunter began the quest for the Orb.
     0 | D:1      | Reached XP level 1. HP: 12/12 MP: 3/3
     0 | D:1      | 0 ||| qw: Version: 0.3-a-9-g12657ce
     0 | D:1      | 0 ||| qw: Game counter: 3774
     0 | D:1      | 0 ||| qw: Always use a shield: true
     0 | D:1      | 0 ||| qw: God list: Okawaru
     0 | D:1      | 0 ||| qw: Allow faded altars: false
     0 | D:1      | 0 ||| qw: Do Orc after D:15 true
     0 | D:1      | 0 ||| qw: Do second Lair branch before Depths: true
     0 | D:1      | 0 ||| qw: Lair rune preference: random
     0 | D:1      | 0 ||| qw: Plans: Normal
     0 | D:1      | 0 ||| PLANNING D:1-11
   187 | D:1      | Reached skill level 6 in Ranged Weapons
   187 | D:1      | Reached XP level 2. HP: 16/16 MP: 4/4
   330 | D:1      | 330 ||| FLEEEEING.
   331 | D:1      | 331 ||| FLEEEEING.
   332 | D:1      | 332 ||| FLEEEEING.
   333 | D:1      | 333 ||| FLEEEEING.
   334 | D:1      | 334 ||| FLEEEEING.
   359 | D:1      | Found a faded altar of an unknown god.
   442 | D:1      | 442 ||| Stepping ~*~*~tactically~*~*~ (water).
   444 | D:1      | 444 ||| Stepping ~*~*~tactically~*~*~ (water).
   488 | D:1      | Reached XP level 3. HP: 20/20 MP: 5/5
   800 | D:1      | 800 ||| READING scroll labelled BAOZIX RUOXYFYGE.
   801 | D:1      | 801 ||| DROPPING scroll of butterflies.
   809 | D:2      | Found a sparkling altar of Nemelex Xobeh.
  1068 | D:2      | Reached skill level 7 in Ranged Weapons
  1286 | D:2      | 1286 ||| UPGRADING to +4 ring of slaying {mikee}.
  1287 | D:2      | 1287 ||| READING 3 scrolls labelled ZUEGGUQ PIEHI.
  1288 | D:2      | 1288 ||| READING 2 scrolls labelled OPUCZI EDESH.
  1289 | D:2      | 1289 ||| READING scroll labelled GECKOU DIWKUO.
  1290 | D:2      | 1290 ||| DROPPING 2 scrolls of revelation.
  1436 | D:3      | Reached XP level 4. HP: 25/25 MP: 6/6
  1440 | D:3      | Reached skill level 8 in Ranged Weapons
  1448 | D:3      | HP: 3/25 [orc wizard/magic dart (6)]
  1448 | D:3      | Slain by an orc wizard

Levels and vault maps discovered:
D:1:      minmay_arrival_widening_spiral_narrow, layout_basic,
          nicolae_ecumenical_lake_church
D:2:      layout_basic, basic_altar
D:3:      layout_basic, uniq_ijyb

Skill      XL: |  1  2  3  4 |
---------------+-------------+-----
Ranged Weapons | 6 7 8 |  8.1
Fighting       | |  1.5
Dodging        | |  2.4
Stealth        | |  1.2

Action                     |  1- 3 |  4- 6 || total
---------------------------+-------+-------++-------
   Fire: Shortbow          |   101 |     8 ||   109
    Use: Scroll            |     4 |       ||     4
 Armour: Leather armour    |    10 |     3 ||    13
  Dodge: Dodged            |    17 |     7 ||    24

Table legend:
 A = Non-vault XP
 B = Vault XP
 C = Vault XP percentage of total XP
 D = Non-vault monster count
 E = Vault monster count
 F = Vault count percentage of total count
                 A         B        C        D         E       F
            +---------+---------+-------+---------+---------+-------
      Total |     161 |       0 |   0.0 |      39 |       0 |   0.0
            +---------+---------+-------+---------+---------+-------
        D:1 |      42 |       0 |   0.0 |      22 |       0 |   0.0
        D:2 |      30 |       0 |   0.0 |      12 |       0 |   0.0
        D:3 |      89 |       0 |   0.0 |       5 |       0 |   0.0
            +---------+---------+-------+---------+---------+-------
